 Dungeon Crawl Stone Soup version 0.24-a0-368-g0e0cebd0f3 (webtiles) character file.

Game seed: 6815147060899462286

153913 Inarius the Scorcher (level 17, -3/104 HPs)
             Began as a Deep Elf Fire Elementalist on May 26, 2019.
             Was a High Priest of Vehumet.
             Slain by a tentacled monstrosity (4 damage)
             ... on level 1 of the Swamp on May 29, 2019.
             The game lasted 01:46:53 (28800 turns).

Inarius the Scorcher (Deep Elf Fire Elementalist)  Turns: 28800, Time: 01:46:56

Health: -3/104     AC: 11    Str:  5    XL:     17   Next: 5%
Magic:  30/37      EV: 12    Int: 35    God:    Vehumet [*****.]
Gold:   946        SH: 11    Dex: 18    Spells: 6/44 levels left

rFire    . . .     SeeInvis +   y - staff of energy
rCold    . . .     Gourm    .   X - +2 shield
rNeg     . . .     Faith    .   O - +1 robe of Repulsion {Int+7 SInv Stlth-}
rPois    +         Spirit   .   F - +1 hat
rElec    .         Reflect  .   E - scarf {repulsion}
rCorr    .         Harm     .   M - +0 pair of gloves of the Countless Suns {Dex+3}
MR       +....                  b - +0 pair of boots {run}
Stlth    +.........             v - amulet of magic regeneration
HPRegen  0.27/turn              W - +5 ring of protection
MPRegen  0.50/turn              h - ring of poison resistance

@: about to teleport, constricted, repel missiles, very slow
A: no striking features
a: Renounce Religion


You were on level 1 of the Swamp.
You worshipped Vehumet.
Vehumet was extremely pleased with you.
You were not hungry.

You visited 5 branches of the dungeon, and saw 25 of its levels.
You also visited: Sewer and Gauntlet.

You collected 1904 gold pieces.
You spent 958 gold pieces at shops.

Inventory:

Hand Weapons
 R - the +6 long sword of the Dead {speed, rF+ Stlth+}
   (You found it in a Gauntlet)

   Attacks with this weapon are significantly faster.
   It protects you from fire.
   It makes you more stealthy.
Armour
 b - a +0 pair of boots of running (worn)
 r - the +2 cloak of Limitation {+Blink rN+ MR-}
   (You found it in a Gauntlet)

   It protects you from negative energy.
   It affects your resistance to hostile enchantments.
   It lets you blink.
 E - a scarf of repulsion (worn)
 F - a +1 hat (worn)
 M - the +0 pair of gloves of the Countless Suns (worn) {Dex+3}
   (You acquired it on level 2 of the Lair of Beasts)

   It affects your dexterity (+3).
 O - the +1 robe of Repulsion (worn) {Int+7 SInv Stlth-}
   (You found it on level 8 of the Dungeon)

   It affects your intelligence (+7).
   It lets you see invisible.
   It makes you less stealthy.
 X - a +2 shield (worn)
 Y - a +3 ring mail of cold resistance
 Z - +0 fire dragon scales
Magical Staves
 y - an uncursed staff of energy (weapon)
Jewellery
 e - a +3 amulet of reflection
 h - a ring of poison resistance (right hand)
 m - the ring "Gaiss" {Str+2 Dex+6}
   (You took it off a minotaur in a Gauntlet)

   [ring of dexterity]

   It affects your strength (+2).
   It affects your dexterity (+6).
 n - an uncursed ring of protection from cold
 v - an amulet of magic regeneration (around neck)
 I - an uncursed ring of ice
 J - an uncursed ring of protection from fire
 W - a +5 ring of protection (left hand)
Wands
 g - a wand of iceblast (26)
 z - a wand of polymorph (8)
 G - a wand of flame (62)
 H - a wand of disintegration (15)
 K - a wand of paralysis (9)
 Q - a wand of random effects (34)
Scrolls
 a - a scroll of amnesia
 i - 8 scrolls of teleportation
 k - 3 scrolls of immolation
 l - 2 scrolls of magic mapping
 o - a scroll of enchant armour
 t - 20 scrolls of remove curse
 B - 2 scrolls of identify
 N - 9 scrolls of fog
 V - a scroll of silence
Potions
 d - 3 potions of brilliance
 f - 8 potions of magic
 p - 4 potions of cancellation
 s - 6 potions of curing
 u - 4 potions of agility
 w - 3 potions of ambrosia
 A - 3 potions of flight
 C - 3 potions of heal wounds
 D - 2 potions of berserk rage
 L - 2 potions of mutation
 P - 2 potions of might
 S - 2 potions of haste
 T - 2 potions of resistance
Miscellaneous
 j - a box of beasts
 U - a lightning rod (4/4)
Comestibles
 c - 63 rations
 q - a chunk of flesh


   Skills:
 * Level 10.9 Fighting
   Level 0.1 Short Blades
 - Level 1.0 Staves
 + Level 0.1 Throwing
 + Level 7.0 Dodging
 - Level 2.4 Stealth
 * Level 5.1 Shields
 + Level 14.4 Spellcasting
 + Level 13.1 Conjurations
 - Level 3.0 Charms
 - Level 2.0 Necromancy
 * Level 18.2 Fire Magic
   Level 0.9 Air Magic
 - Level 10.5 Evocations


You had 6 spell levels left.
You knew the following spells:

 Your Spells              Type           Power        Failure   Level  Hunger
a - Bolt of Fire          Conj/Fire      #######...   1%          6    None
b - Ignition              Fire           ########..   6%          8    None
d - Sticky Flame          Conj/Fire      #######.     1%          4    None
e - Fireball              Conj/Fire      #######...   1%          5    None
f - Regeneration          Chrm/Necr      #####.....   6%          3    None
g - Bolt of Magma         Conj/Fire/Erth #######...   1%          5    None
h - Orb of Destruction    Conj           #######...   6%          7    None

Your spell library contained the following spells:

 Spells                   Type           Power        Failure   Level  Hunger
 Ozocubu's Refrigeration  Ice            ####......   88%         6    None
 Flame Tongue             Conj/Fire      #####        0%          1    None
 Throw Flame              Conj/Fire      ######       0%          2    None
 Infusion                 Chrm           ####         1%          1    None
 Magic Dart               Conj           ####         1%          1    None
 Searing Ray              Conj           ######       1%          2    None
 Conjure Flame            Conj/Fire      #######.     1%          3    None
 Dazzling Spray           Conj/Hex       ######       1%          3    None
 Ignite Poison            Fire/Tmut/Pois ######..     1%          3    None
 Inner Flame              Hex/Fire       ######..     1%          3    None
 Force Lance              Conj/Tloc      ######..     1%          4    None
 Fulminant Prism          Conj/Hex       ######....   1%          4    None
 Iskenderun's Mystic Bla  Conj           #######.     1%          4    None
 Iskenderun's Battlesphe  Conj/Chrm      ######..     1%          5    None
 Animate Skeleton         Necr           N/A          2%          1    None
 Pain                     Necr           ####         2%          1    None
 Venom Bolt               Conj/Pois      ######....   3%          5    None
 Apportation              Tloc           ####..       5%          1    None
 Confusing Touch          Hex            ####..       5%          1    None
 Corona                   Hex            ####...      5%          1    None
 Summon Butterflies       Summ           ####....     5%          1    None
 Summon Small Mammal      Summ           ####         5%          1    None
 Vampiric Draining        Necr           #####.....   8%          3    None
 Ensorcelled Hibernation  Hex/Ice        ####..       9%          2    None
 Slow                     Hex            ####....     9%          2    None
 Iron Shot                Conj/Erth      ######....   16%         6    None
 Confuse                  Hex            ####....     17%         3    None
 Lesser Beckoning         Tloc           ####......   17%         3    None
 Portal Projectile        Hex/Tloc       ####..       17%         3    None
 Tukima's Dance           Hex            ####....     17%         3    None
 Animate Dead             Necr           N/A          24%         4    None
 Cause Fear               Hex            ####......   50%         4    None
 Leda's Liquefaction      Hex/Erth       ####......   50%         4    None
 Excruciating Wounds      Chrm/Necr      #####.....   50%         5    None
 Alistair's Intoxication  Tmut/Pois      ####....     83%         5    None
 Invisibility             Hex            ####....     100%        6    None
 Ring of Flames           Chrm/Fire      #######...   52%         7    None
 Spellforged Servitor     Conj/Summ      ######....   58%         7    None
 Dragon Form              Tmut           ####......   100%        7    None
 Dragon's Call            Summ           ####......   100%        9    None


Dungeon Overview and Level Annotations

Branches:
Dungeon (15/15)            Temple (1/1) D:7            Lair (6/6) D:9
  Swamp (1/4) Lair:2        Snake (0/4) Lair:2        Slime (0/5) Lair:6
    Orc (2/2) D:12            Elf (0/3) Orc:2        Vaults (0/5) D:14
 Depths (0/5) D:15

Altars:
Ashenzari
Cheibriados
Dithmenos
Elyvilon
Fedhas
Gozag
Hepliaklqana
Kikubaaqudgha
Makhleb
Nemelex Xobeh
Okawaru
Ru
Sif Muna
Trog
Uskayaw
Vehumet
Wu Jian
Xom
Yredelemnul
Zin
The Shining One
Beogh

Shops:
D:4 :   D:7 =%}[   D:8 *   Orc:2 ?[**

Portals:
Trove: D:13 (give +5 demon blade)

Annotations:
Lair:1 3 runed translucent doors, Ratty's ghost, novice FoEn; kaladindcss's ghost, journeyman GrFi


Message History

You block the tentacled monstrosity's attack.
The tentacled monstrosity closely misses you.
The tentacled monstrosity completely misses you.
* * * LOW HITPOINT WARNING * * *
The tentacled monstrosity constricts you.
As you read the scroll of teleportation, it crumbles to dust.
You feel strangely unstable.
The tentacled monstrosity barely misses you.
The tentacled monstrosity tentacle-slaps you!
* * * LOW HITPOINT WARNING * * *
The tentacled monstrosity tentacle-slaps you but does no damage.
* * * LOW HITPOINT WARNING * * *
The tentacled monstrosity constricts you.
The tentacled monstrosity's grasp on you weakens, but your attempt to escape fails.
The tentacled monstrosity tentacle-slaps you!
* * * LOW HITPOINT WARNING * * *
The tentacled monstrosity tentacle-slaps you.
* * * LOW HITPOINT WARNING * * *
The tentacled monstrosity barely misses you.
You die...

≈≈≈≈.≈≈≈≈≈♣♣♣≈.#### §♣♣♣≈≈≈.♣♣≈≈≈
≈≈≈≈≈≈≈≈≈≈♣♣≈≈##).##§♣♣≈≈≈≈≈♣♣.≈≈
...≈≈≈....≈♣≈≈#!...#≈♣♣≈≈≈..♣♣...
...≈≈§...≈♣♣≈≈#?...'≈≈♣♣≈≈..≈≈.≈≈
≈..≈≈....♣≈♣.≈#....#§≈♣≈§........
≈..≈≈≈.♣♣♣♣♣≈.##.$##≈≈♣♣.♣♣.≈≈≈≈.
..([≈≈.♣ ♣≈≈♣####≈≈♣♣≈♣♣♣..≈≈..
≈.♣...≈♣ ♣♣≈≈≈≈≈≈≈.♣♣♣♣ ♣≈.....
...≈).♣♣♣♣♣ ♣♣≈.@X≈≈♣♣ ♣♣♣♣≈..
...≈≈≈...≈♣♣♣♣♣♣♣♣♣♣♣ ♣.....
≈...≈......♣(♣♣ ♣.≈§..
♣♣...≈≈.≈....≈♣ ♣.....
♣♣.≈≈≈≈.....≈♣ ♣♣♣♣≈.
♣♣.≈≈≈≈≈≈≈.♣♣♣♣ ♣♣. ♣≈.≈≈≈≈≈≈≈.♣
♣♣ ...≈≈≈≈...♣♣ ...≈≈≈.≈♣♣♣


You could see a tentacled monstrosity.

Vanquished Creatures
  3 orc warlords
  Aizul (Lair:2)
  An entropy weaver (Gauntlet)
  A dire elephant (Lair:6)
  Azrael (D:15)
  A minotaur (Gauntlet)
  2 fire dragons (D:15)
  A catoblepas (Lair:6)
  Erolcha (D:9)
  A vault guard (D:14)
  4 centaur warriors
  2 ghost crabs (Swamp:1)
  10 hydras
  2 alligators (Swamp:1)
  6 two-headed ogres
  A deep troll shaman (Lair:6)
  2 tengu warriors (D:14)
  10 death yaks
  5 orc high priests
  The ghost of zkyp the Summoner, a journeyman TeSu of Ashenzari (Lair:2)
  5 hell knights (D:12)
  Urug (Lair:1)
  4 spriggans (Swamp:1)
  Nergalle (Lair:1)
  3 skeletal warriors (D:13)
  6 unseen horrors
  2 lindwurms (Lair:2)
  2 necromancers (D:12)
  4 orc knights (Orc:2)
  8 orc sorcerers
  10 ugly things
  3 cyclopes
  14 elephants
  3 manticores
  Maurice (D:8)
  5 black mambas
  An ice statue (Gauntlet)
  Psyche (D:9)
  20 spiny frogs
  3 rime drakes
  2 gargoyles
  5 komodo dragons
  A minotaur zombie (Gauntlet)
  A kobold demonologist (D:13)
  A freezing wraith (D:14)
  An efreet (D:13)
  A polar bear (Lair:6)
  2 tyrant leeches (Swamp:1)
  A tengu conjurer (D:14)
  9 trolls
  A meliai (D:14)
  A queen bee (Lair:3)
  A jumping spider (Gauntlet)
  3 bog bodies
  5 hornets
  5 blink frogs
  Prince Ribbit (D:5)
  9 hippogriffs
  A meliai zombie (D:14)
  2 dream sheep (D:8)
  A shadow (D:13)
  A redback (Gauntlet)
  3 wyverns
  30 yaks
  4 fire elementals (D:15)
  A steam dragon (D:10)
  6 basilisks
  2 hungry ghosts
  Grum (Lair:1)
  2 vampire mosquitoes (Swamp:1)
  3 swamp worms (Swamp:1)
  3 insubstantial wisps (Swamp:1)
  4 wargs
  15 water moccasins
  10 hell hounds
  A soldier ant (D:10)
  A black bear (D:11)
  A swamp drake (Swamp:1)
  5 porcupines
  58 orc warriors
  3 ice beasts
  3 phantoms
  3 eyes of draining
  4 sky beasts
  2 necrophages
  10 wolves
  13 ogres
  5 centaurs
  17 crocodiles
  8 bullfrogs
  4 big kobolds
  A wyvern zombie (D:12)
  A wyvern skeleton (D:12)
  8 scorpions
  39 killer bees
  11 wights
  An electric eel (Lair:3)
  6 crimson imps
  2 howler monkeys (D:10)
  2 bullfrog zombies
  5 centaur skeletons
  Crazy Yiuf (D:4)
  5 centaur zombies
  5 hounds
  7 jellies
  A quasit (D:5)
  36 orc priests
  27 orc wizards
  2 bullfrog skeletons
  A gnoll shaman (D:7)
  4 iguanas
  11 worker ants
  A hound skeleton (D:11)
  A worker ant zombie (D:6)
  A howler monkey skeleton (D:10)
  12 adders
  6 gnolls
  2 shadow imps
  A white imp (D:8)
  An ooze (D:1)
  An adder zombie (D:5)
  2 adder skeletons (D:5)
  5 worms
  5 dart slugs
  5 leopard geckos
  157 orcs
  12 bats
  10 giant cockroaches
  8 hobgoblins
  8 jackals
  15 kobolds
  3 quokkas
  3 ball pythons
  A ball python skeleton (D:4)
  4 frilled lizards
  9 goblins
  2 jackal skeletons
  A leopard gecko skeleton (D:5)
  A leopard gecko zombie (D:6)
  A quokka skeleton (D:4)
  7 rats
  2 fungi
  2 plants
895 creatures vanquished.

Vanquished Creatures (collateral kills)
  A water moccasin (Lair:1)
1 creature vanquished.

Vanquished Creatures (others)
  An orc (Orc:1)
  6 fungi
  11 plants
18 creatures vanquished.

Grand Total: 914 creatures vanquished

Notes
Turn   | Place    | Note
-------+----------+-------------------------------------------
     0 | D:1      | Inarius the Deep Elf Fire Elementalist began the quest for
                  | the Orb.
     0 | D:1      | Reached XP level 1. HP: 10/10 MP: 6/6
   185 | D:1      | Reached XP level 2. HP: 6/15 MP: 1/8
   248 | D:1      | Learned a level 2 spell: Throw Flame
   466 | D:1      | Reached skill level 4 in Fire Magic
   711 | D:2      | Reached XP level 3. HP: 19/19 MP: 2/9
   786 | D:3      | Reached skill level 1 in Fighting
  1364 | D:2      | Learned a level 3 spell: Conjure Flame
  1420 | D:2      | Reached XP level 4. HP: 25/25 MP: 3/11
  1717 | D:2      | Found a glowing silver altar of Zin.
  2121 | D:3      | Found an iron altar of Okawaru.
  2531 | D:3      | Reached XP level 5. HP: 30/30 MP: 3/13
  2550 | D:3      | Reached skill level 5 in Fire Magic
  2832 | D:3      | Learned a level 4 spell: Sticky Flame
  3361 | D:4      | Noticed an ogre
  3418 | D:4      | Found a sacrificial altar of Ru.
  3437 | D:4      | Reached XP level 6. HP: 35/35 MP: 8/14
  3633 | D:4      | Reached skill level 5 in Spellcasting
  3646 | D:4      | Learned a level 5 spell: Fireball
  3824 | D:4      | Found a bloodstained altar of Trog.
  3918 | D:4      | Found Honoeten's Book Boutique.
  3918 | D:4      | Found a sparkling altar of Nemelex Xobeh.
  3921 | D:4      | Found a glowing golden altar of the Shining One.
  3921 | D:4      | Found a white marble altar of Elyvilon.
  4036 | D:4      | Found a runed translucent door.
  4037 | D:4      | Noticed Crazy Yiuf
  4141 | D:4      | Killed Crazy Yiuf
  4187 | D:5      | Entered Level 5 of the Dungeon
  4242 | D:5      | Reached skill level 6 in Fire Magic
  4242 | D:5      | Reached XP level 7. HP: 40/40 MP: 8/17
  4275 | D:5      | Found a glowing drain.
  4337 | Sewer    | Entered a sewer
  4453 | D:5      | Upgraded the game from 0.24-a0-361-g57161393b2 to
                  | 0.24-a0-365-ga4d96b6e6e
  4503 | D:5      | Learned a level 3 spell: Regeneration
  4795 | D:5      | Reached skill level 7 in Fire Magic
  4849 | D:5      | Reached XP level 8. HP: 41/45 MP: 14/19
  5239 | D:5      | Noticed Prince Ribbit
  5248 | D:5      | Killed Prince Ribbit
  5757 | D:6      | Reached skill level 1 in Shields
  5780 | D:6      | Found a hazy altar of Hepliaklqana.
  6071 | D:7      | Found Yvoc's Armour Boutique.
  6084 | D:7      | Learned a level 5 spell: Bolt of Magma
  6089 | D:7      | Found Fyineotu's Food Boutique.
  6090 | D:7      | Found Jagan's Gadget Boutique.
  6090 | D:7      | Found Rusaby's Jewellery Boutique.
  6192 | D:7      | Reached skill level 5 in Conjurations
  6213 | D:7      | Found a staircase to the Ecumenical Temple.
  6237 | D:7      | Reached skill level 8 in Fire Magic
  6366 | Temple   | Entered the Ecumenical Temple
  6511 | Temple   | Became a worshipper of Vehumet
  6626 | D:7      | Reached XP level 9. HP: 52/52 MP: 1/23
  6727 | D:7      | Reached skill level 1 in Evocations
  7200 | D:8      | Noticed a two-headed ogre
  7239 | D:7      | Upgraded the game from 0.24-a0-365-ga4d96b6e6e to
                  | 0.24-a0-368-g0e0cebd0f3
  7466 | D:8      | Found a deep blue altar of Sif Muna.
  7578 | D:8      | Reached * piety under Vehumet
  7578 | D:8      | Offered knowledge of Freeze by Vehumet.
  7578 | D:8      | Reached skill level 9 in Fire Magic
  8008 | D:8      | Killed a two-headed ogre
  8032 | D:8      | Found Vonaism Toel's Assorted Antiques.
  8037 | D:8      | Bought 3 scrolls labeled EFROCI FU PELA for 93 gold pieces
  8037 | D:8      | Bought a scroll labeled CUIKOPROTS for 31 gold pieces
  8037 | D:8      | Bought a scroll labeled FECLAUXT PUIG for 31 gold pieces
  8037 | D:8      | Bought a scroll labeled SYUMESE DIUSK for 31 gold pieces
  8037 | D:8      | Bought 2 scrolls of teleportation for 186 gold pieces
  8139 | D:8      | Reached skill level 10 in Fire Magic
  8172 | D:8      | Reached XP level 10. HP: 45/57 MP: 11/24
  8206 | D:8      | Reached skill level 5 in Dodging
  8253 | D:8      | Noticed a three-headed hydra
  8312 | D:7      | Killed a three-headed hydra
  8415 | D:8      | Noticed Maurice
  8422 | D:8      | Killed Maurice
  8841 | D:8      | Reached skill level 5 in Fighting
  8846 | D:8      | Got a shadowed robe
  8857 | D:8      | Identified the +1 robe of Repulsion {Int+7 SInv Stlth-}
                  | (You found it on level 8 of the Dungeon)
  9154 | D:8      | Reached skill level 1 in Charms
  9154 | D:8      | Reached skill level 11 in Fire Magic
  9333 | D:9      | Found a hide-covered altar of Uskayaw.
  9432 | D:9      | Found a staircase to the Lair.
  9532 | D:9      | Noticed Erolcha
  9541 | D:9      | Killed Erolcha
  9541 | D:9      | Reached skill level 1 in Necromancy
  9610 | D:9      | Found a runed translucent door.
  9614 | D:9      | Noticed a centaur warrior
  9760 | D:9      | Noticed Psyche
  9762 | D:9      | Killed Psyche
  9901 | D:10     | Entered Level 10 of the Dungeon
  9933 | D:10     | Reached ** piety under Vehumet
  9933 | D:10     | Offered knowledge of Magic Dart by Vehumet.
  9933 | D:10     | Reached XP level 11. HP: 64/64 MP: 6/25
 10086 | D:10     | Reached skill level 5 in Evocations
 10298 | D:10     | Noticed an unseen horror
 10300 | D:10     | Killed an unseen horror
 10329 | D:10     | Noticed an unseen horror
 10331 | D:10     | Killed an unseen horror
 10331 | D:10     | Reached skill level 12 in Fire Magic
 10906 | D:11     | Offered knowledge of Stone Arrow by Vehumet.
 11050 | D:11     | Noticed a two-headed ogre
 11073 | D:11     | Killed a two-headed ogre
 11073 | D:11     | Reached skill level 1 in Staves
 11144 | D:11     | Reached *** piety under Vehumet
 11533 | Lair:1   | Entered Level 1 of the Lair of Beasts
 11537 | Lair:1   | Noticed Urug
 11582 | Lair:1   | Killed Urug
 11621 | Lair:1   | Found a runed translucent gate.
 11621 | Lair:1   | Found a runed translucent gate.
 11621 | Lair:1   | Found a runed translucent gate.
 11635 | Lair:1   | Found a gate leading to a gauntlet.
 11641 | Gauntlet | Entered a Gauntlet
 11641 | Gauntlet | Found a transporter.
 11651 | Gauntlet | Found a transporter.
 11655 | Gauntlet | Found a runed translucent door.
 11657 | Gauntlet | Found a runed translucent door.
 11659 | Gauntlet | Found a transporter.
 11661 | Gauntlet | Found a transporter.
 11664 | Gauntlet | Noticed an entropy weaver
 11664 | Gauntlet | Noticed a wolf spider
 11669 | Gauntlet | Found a transporter.
 11685 | Gauntlet | Found a transporter.
 11688 | Gauntlet | Noticed an entropy weaver
 11693 | Gauntlet | Noticed a hell hog
 11695 | Gauntlet | Found a transporter.
 11702 | Gauntlet | Found a runed translucent gate.
 11702 | Gauntlet | Found a runed translucent gate.
 11702 | Gauntlet | Found a runed translucent gate.
 11705 | Gauntlet | Found a transporter.
 11711 | Gauntlet | Found a transporter.
 11715 | Gauntlet | Noticed a fire crab
 11728 | Gauntlet | Found a transporter.
 11738 | Gauntlet | Found a transporter.
 11738 | Gauntlet | Found a transporter.
 11789 | Gauntlet | Found a transporter.
 11802 | Gauntlet | Found a transporter.
 12128 | Gauntlet | Killed an entropy weaver
 12128 | Gauntlet | Reached skill level 13 in Fire Magic
 12128 | Gauntlet | Reached XP level 12. HP: 20/70 MP: 10/27
 12151 | Gauntlet | Got a shimmering cloak
 12170 | Gauntlet | Identified the +2 cloak of Limitation {+Blink rN+ MR-} (You
                  | found it in a Gauntlet)
 12306 | Gauntlet | Got a dazzling quarterstaff
 12315 | Gauntlet | Identified the +1 quarterstaff of Satyriasis {freeze,
                  | +Blink rN+ Int-2 Dex+8} (You found it in a Gauntlet)
 12333 | Gauntlet | Identified the ring "Gaiss" {Str+2 Dex+6}
 12333 | Gauntlet | Noticed a minotaur
 12344 | Gauntlet | Killed a minotaur
 12354 | Gauntlet | Identified the Almanac of Boosts and Combat Magic
 12356 | Gauntlet | Got a brightly glowing war axe
 12358 | Gauntlet | Identified the +9 war axe "Ixkedgh" {antimagic, -Tele rPois
                  | Dex+2 Stlth+} (You found it in a Gauntlet)
 12446 | Gauntlet | Got a pitted long sword
 12455 | Gauntlet | Offered knowledge of Airstrike by Vehumet.
 12461 | Gauntlet | Learned a level 4 spell: Airstrike
 12614 | Lair:1   | Reached skill level 10 in Spellcasting
 12636 | Lair:1   | Identified the +6 long sword of the Dead {speed, rF+
                  | Stlth+} (You found it in a Gauntlet)
 12662 | Lair:1   | Noticed a five-headed hydra
 12671 | Lair:1   | Killed a five-headed hydra
 12673 | Lair:1   | Noticed Nergalle
 12746 | Lair:1   | Killed Nergalle
 12870 | Lair:1   | Noticed a seven-headed hydra
 12882 | Lair:1   | Killed a seven-headed hydra
 13096 | Lair:1   | Noticed Grum
 13099 | Lair:1   | Killed Grum
 13362 | Lair:1   | Noticed kaladindcss's ghost (journeyman GrFi)
 13363 | Lair:1   | Noticed Ratty's ghost (novice FoEn)
 13538 | Lair:2   | Identified 3 scrolls of acquirement
 13541 | Lair:2   | Got a pair of distressingly furry gloves
 13552 | Lair:2   | Identified the +0 pair of gloves of the Countless Suns
                  | {Dex+3} (You acquired it on level 2 of the Lair of Beasts)
 13568 | Lair:2   | Identified a +0 pair of boots of running (You acquired it
                  | on level 2 of the Lair of Beasts)
 13601 | Lair:2   | Reached **** piety under Vehumet
 13667 | Lair:2   | Offered knowledge of Static Discharge by Vehumet.
 13686 | Lair:2   | Reached skill level 10 in Conjurations
 13813 | Lair:2   | Learned a level 6 spell: Bolt of Fire
 14004 | Lair:2   | Found a staircase to the Snake Pit.
 14015 | Lair:2   | Found a transporter.
 14037 | Lair:2   | Noticed zkyp's ghost (journeyman TeSu)
 14041 | Lair:2   | Noticed a death yak
 14072 | Lair:2   | Found a staircase to the Swamp.
 14075 | Lair:2   | Reached skill level 14 in Fire Magic
 14156 | Lair:2   | Found a transporter.
 14633 | Lair:3   | Noticed a six-headed hydra
 14636 | Lair:3   | Killed a six-headed hydra
 14636 | Lair:3   | Reached XP level 13. HP: 76/76 MP: 18/30
 15036 | Lair:3   | Reached ***** piety under Vehumet
 15055 | Lair:3   | Offered knowledge of Freezing Cloud by Vehumet.
 16130 | Lair:4   | Learned a level 7 spell: Orb of Destruction
 16897 | Lair:5   | Reached skill level 15 in Fire Magic
 17390 | Lair:6   | Entered Level 6 of the Lair of Beasts
 17969 | Lair:6   | Reached XP level 14. HP: 84/84 MP: 23/32
 18043 | Lair:6   | Offered knowledge of Lightning Bolt by Vehumet.
 18265 | Lair:6   | Got a pitted leather armour
 18675 | Lair:6   | Found a staircase to the Slime Pits.
 18922 | D:9      | Reached skill level 16 in Fire Magic
 19405 | D:12     | Identified the cursed +1 whip "Ivosuur" {chaos, Dex+5 SInv}
 19502 | D:12     | Found a staircase to the Orcish Mines.
 20158 | Orc:1    | Entered Level 1 of the Orcish Mines
 20162 | Orc:1    | Offered knowledge of Bolt of Cold by Vehumet.
 20164 | Orc:1    | Noticed an orc warlord
 20380 | D:12     | Killed an orc warlord
 21089 | Orc:2    | Entered Level 2 of the Orcish Mines
 21368 | Orc:2    | Offered knowledge of Lee's Rapid Deconstruction by Vehumet.
 21525 | Orc:2    | Reached skill level 10 in Evocations
 22240 | Orc:2    | Reached skill level 17 in Fire Magic
 22280 | Orc:2    | Found a roughly hewn altar of Beogh.
 22339 | Orc:2    | Found Ihamempeff's General Store.
 22350 | Orc:2    | Found Ujudor's General Store.
 22357 | Orc:2    | Bought a scroll of identify for 24 gold pieces
 22357 | Orc:2    | Identified the +1 leather armour of Fashionability {SInv}
                  | (You found it on level 6 of the Lair of Beasts)
 22373 | Orc:2    | Reached XP level 15. HP: 90/90 MP: 30/33
 22384 | Orc:2    | Learned a level 8 spell: Ignition
 22437 | Orc:2    | Noticed an orc warlord
 22440 | Orc:2    | Killed an orc warlord
 22930 | Orc:2    | Found a staircase to the Elven Halls.
 23002 | Orc:2    | Got a warped scale mail
 23186 | Orc:2    | Offered knowledge of Poison Arrow by Vehumet.
 23232 | Orc:2    | Found a roughly hewn altar of Beogh.
 23233 | Orc:2    | Noticed an orc warlord
 23242 | Orc:2    | Killed an orc warlord
 23398 | Orc:2    | Found Tene's Magic Scroll Boutique.
 23416 | Orc:2    | Bought a scroll of identify for 30 gold pieces
 23416 | Orc:2    | Bought a scroll of identify for 30 gold pieces
 23416 | Orc:2    | Bought a scroll of identify for 30 gold pieces
 23416 | Orc:2    | Bought a scroll of identify for 30 gold pieces
 23416 | Orc:2    | Identified the +0 scale mail of the Sky {rC+} (You found it
                  | on level 2 of the Orcish Mines)
 23421 | Orc:2    | Bought 3 scrolls of identify for 90 gold pieces
 23425 | Orc:2    | Reached skill level 10 in Fighting
 23425 | Orc:2    | Reached XP level 16. HP: 92/97 MP: 15/34
 23430 | Orc:2    | Bought a scroll of amnesia for 52 gold pieces
 23604 | Orc:2    | Found Plog's Antique Armour Shoppe.
 23994 | Lair:2   | Killed zkyp's ghost
 24667 | D:13     | Found a portal to a secret trove of treasure.
 25289 | D:14     | Found a gate to the Vaults.
 25324 | D:14     | Found a shadowy altar of Dithmenos.
 25340 | D:14     | Found a sacrificial altar of Ru.
 25698 | D:15     | Entered Level 15 of the Dungeon
 25983 | D:15     | Reached ****** piety under Vehumet
 26370 | D:15     | Offered knowledge of Ozocubu's Refrigeration by Vehumet.
 26508 | D:15     | Noticed Azrael
 26524 | D:15     | Killed Azrael
 26524 | D:15     | Reached skill level 18 in Fire Magic
 26711 | D:15     | Found a staircase to the Depths.
 27084 | Swamp:1  | Entered Level 1 of the Swamp
 27102 | Swamp:1  | Noticed Aizul
 27350 | D:7      | Bought an uncursed ring of poison resistance for 300 gold
                  | pieces
 27661 | Lair:2   | Killed Aizul
 28189 | Swamp:1  | Reached skill level 5 in Shields
 28247 | Swamp:1  | Reached XP level 17. HP: 104/104 MP: 24/37
 28780 | Swamp:1  | Noticed a tentacled monstrosity
 28800 | Swamp:1  | HP: 2/104 [tentacled monstrosity (9)]
 28800 | Swamp:1  | Slain by a tentacled monstrosity

Levels and vault maps discovered:
D:1:      scummos_arrival_star, layout_basic
D:2:      layout_basic, zin_statuary, minmay_tetromino_l2
D:3:      layout_loops_ring, first_ration, okawaru_metal_pillars_1_2
D:4:      layout_cave_pools, grunt_temple_overflow_open, serial_shops, shop,
          uniq_crazy_yiuf_cottage
D:5:      layout_loops_ring, portal_sewer_entry_f, serial_bayou_ford_a,
          uniq_prince_ribbit1
D:6:      layout_cave_pools, marbit_many_paths, grunt_ministairs_4
D:7:      layout_loops_ring, temple_pool_b, minmay_shop_grid_forest
D:8:      layout_basic, nicolae_overflow_crystal_walls, serial_shops,
          nicolae_shop_trees, hangedman_ranch [blue_anna_fruit_fields],
          minmay_fire_ice_demons, uniq_maurice
D:9:      layout_roguey, lair_entry_dummy, basic_altar, minmay_holes,
          minmay_st_funbox, uniq_erolcha, uniq_psyche
D:10:     layout_roguey, serial_glass, glass_columns_a, glass_columns_b,
          feat_on_display, feat_on_display, item_on_display_a, feat_on_display,
          chequers_serial_rivers_micro_a
D:11:     layout_rooms
D:12:     layout_roguey, hiddenorc1_lemuel, minmay_rotating_lava
D:13:     layout_big_octagon, enter_trove_0, lemuel_nasty_fountain
D:14:     layout_basic, david_vaults_5, nicolae_ru_sacrificial_ziggurat,
          grunt_dithmenos_smoke_and_mirrors
D:15:     grunt_enter_depths_hoard, layout_cave_pools,
          small_statue_intersection, special_room [special_room_orc],
          minmay_misc_feat_nine_boxes, uniq_azrael
Temple:   nicolae_temple_figure_eight
Lair:1:   layout_chaotic_city, gauntlet_entry_generic, gammafunk_ghost_cemetery,
          lemuel_fruit_tree, grunt_megastairs_5, serial_bayou_shore_b,
          uniq_urug, uniq_nergalle, uniq_grum
Lair:2:   cheibrodos_lair_overgrown_chateau, layout_regular_city,
          skrybe_swamp_entry_bodies, gammafunk_ghost_arena, st_stairs_8
Lair:3:   layout_roguey [special_room_bee], kennysheep_basilisk_garden,
          infiniplex_staircase_pool
Lair:4:   layout_cave_pods
Lair:5:   layout_cave_pods
Lair:6:   grunt_lair_end_beastmaster, layout_loops_ring,
          dpeg_slime_entry_corner, chequers_serial_rivers_micro_b
Swamp:1:  cheibrodos_swamp_monstrosity, layout_basic_swamp, serial_swamp_ruin,
          evilmike_swamp_ruin_rubble_1, evilmike_swamp_ruin_house_5,
          swamp_pool1, water_boxes_lemuel, uniq_aizul
Orc:1:    layout_caves, rock_pile
Orc:2:    pubby_orc_utopia

Skill      XL: |  1  2  3  4  5  6  7  8  9 10 11 12 13 14 15 16 17 |
---------------+----------------------------------------------------+-----
Fire Magic     | 4 5 6 7 8 10 11 13 14 15 17 18 | 18.2
Fighting       | 1 2 3 4 5 6 7 8 9 10 | 10.9
Spellcasting   | 4 5 6 8 9 11 12 14 | 14.4
Conjurations   | 2 4 5 6 7 9 10 11 12 13 | 13.1
Dodging        | 4 5 6 7 |  7.0
Shields        | 1 2 3 5 |  5.1
Evocations     | 3 4 6 7 9 10 | 10.5
Charms         | 1 2 3 |  3.0
Necromancy     | 1 2 |  2.0
Staves         | 1 |  1.0
Short Blades   | |  0.1
Throwing       | |  0.1
Stealth        | |  2.4
Air Magic      | |  0.9

Action                   |  1- 3 |  4- 6 |  7- 9 | 10-12 | 13-15 | 16-18 || total
-------------------------+-------+-------+-------+-------+-------+-------++-------
Melee: Dagger            |     5 |     8 |    73 |       |       |       ||    86
       Staff             |       |       |    25 |    16 |    51 |    15 ||   107
Throw: Boomerang         |     3 |     1 |       |       |       |       ||     4
 Cast: Flame Tongue      |    50 |    79 |    66 |     1 |       |       ||   196
       Throw Flame       |    18 |    48 |   132 |    62 |     8 |       ||   268
       Conjure Flame     |       |     1 |     5 |     8 |     3 |       ||    17
       Sticky Flame      |       |     1 |    28 |    28 |    32 |    15 ||   104
       Fireball          |       |       |    10 |    46 |   129 |    19 ||   204
       Regeneration      |       |       |     3 |    13 |    26 |    15 ||    57
       Bolt of Magma     |       |       |       |   120 |    34 |    31 ||   185
       Bolt of Fire      |       |       |       |    12 |   179 |   101 ||   292
       Airstrike         |       |       |       |     7 |     1 |       ||     8
       Orb of Destructio |       |       |       |       |    24 |    40 ||    64
       Ignition          |       |       |       |       |    12 |     7 ||    19
Evoke: Wand              |       |       |     7 |     9 |     4 |     5 ||    25
       Box of beasts     |       |       |       |     2 |       |       ||     2
  Use: Scroll            |     1 |     8 |     6 |    23 |    14 |     3 ||    55
       Potion            |       |     1 |     3 |     5 |     5 |       ||    14
  Eat: Chunk             |     2 |     9 |     9 |    16 |    24 |    14 ||    74
       Ration            |       |       |     1 |     1 |     1 |     1 ||     4
Armor: Robe              |     3 |     7 |    35 |    11 |    32 |    15 ||   103
Dodge: Dodged            |    17 |    19 |   102 |    69 |   156 |    57 ||   420
       Deflected         |       |       |       |     1 |     2 |     5 ||     8
Block: Buckler           |       |    14 |    49 |    23 |   125 |    19 ||   230
       Shield            |       |       |       |       |       |     6 ||     6

Table legend:
 A = Non-vault XP
 B = Vault XP
 C = Vault XP percentage of total XP
 D = Non-vault monster count
 E = Vault monster count
 F = Vault count percentage of total count
                 A         B        C        D         E       F
            +---------+---------+-------+---------+---------+-------
      Total |   96289 |   70361 |  42.2 |     559 |     333 |  37.3
            +---------+---------+-------+---------+---------+-------
        D:1 |      34 |       0 |   0.0 |      17 |       0 |   0.0
        D:2 |     110 |       1 |   0.9 |      31 |       1 |   3.1
        D:3 |     146 |       0 |   0.0 |      26 |       0 |   0.0
        D:4 |     341 |      42 |  11.0 |      16 |       1 |   5.9
        D:5 |    1064 |     281 |  20.9 |      29 |       6 |  17.1
        D:6 |     294 |      19 |   6.1 |      18 |       2 |  10.0
        D:7 |    1079 |     935 |  46.4 |      22 |       1 |   4.3
        D:8 |    2403 |    1720 |  41.7 |      26 |      10 |  27.8
        D:9 |    1174 |    2870 |  71.0 |      16 |      10 |  38.5
       D:10 |    3740 |       0 |   0.0 |      30 |       0 |   0.0
       D:11 |    3576 |       0 |   0.0 |      28 |       0 |   0.0
       D:12 |    8227 |    6408 |  43.8 |      59 |      31 |  34.4
       D:13 |    7007 |       0 |   0.0 |      22 |       0 |   0.0
       D:14 |    7754 |    2302 |  22.9 |      17 |       5 |  22.7
       D:15 |    8037 |    5586 |  41.0 |      17 |      33 |  66.0
     Lair:1 |    5040 |    1978 |  28.2 |      16 |       5 |  23.8
     Lair:2 |    2054 |   10071 |  83.1 |      10 |      27 |  73.0
     Lair:3 |    8794 |    2553 |  22.5 |      28 |      29 |  50.9
     Lair:4 |    2352 |       0 |   0.0 |      16 |       0 |   0.0
     Lair:5 |    4610 |       0 |   0.0 |       9 |       0 |   0.0
     Lair:6 |    8834 |   10241 |  53.7 |      25 |      17 |  40.5
    Swamp:1 |   13683 |       0 |   0.0 |      29 |       0 |   0.0
      Orc:1 |    3472 |       3 |   0.1 |      38 |       1 |   2.6
      Orc:2 |    2464 |   20877 |  89.4 |      14 |     141 |  91.0
      Sewer |       0 |     107 | 100.0 |       0 |       6 | 100.0
   Gauntlet |       0 |    4367 | 100.0 |       0 |       7 | 100.0
            +---------+---------+-------+---------+---------+-------
